 Dungeon Crawl Stone Soup version 0.28-a0-592-g6fc52098c6 (webtiles) character file.

Game seed: 5935375694502559554

9 CurlyBrace the Sneak (level 2, 0/11 HPs)
             Began as a Felid Fire Elementalist on Oct 4, 2021.
             Slain by a scorpion (7 damage)
             ... on level 5 of the Dungeon.
             The game lasted 00:04:22 (156 turns).

CurlyBrace the Sneak (Felid Fire Elementalist)       Turns: 156, Time: 00:04:23

Health: 0/11       AC:  1    Str:  4    XL:     2   Next: 3%
Magic:  3/6        EV: 21    Int: 16    God:
Gold:   0          SH:  0    Dex: 16    Spells: 4/5 levels left
                                        Lives:  0   Deaths: 0

rFire   . . .      SeeInvis +   (weapon unavailable)
rCold   . . .      Faith    .   (shield unavailable)
rNeg    . . .      Spirit   .   (armour unavailable)
rPois   .          Reflect  .   (helmet unavailable)
rElec   .          Harm     .   (cloak unavailable)
rCorr   .          Rampage  .   (gloves unavailable)
Will    .....                   (boots unavailable)
Stlth   ++........              (no amulet)
HPRegen 0.03/turn               l - +4 ring of evasion
MPRegen 0.10/turn               (no ring)

@: quick
A: very small, claws 1, fangs 3, see invisible, speed 1, shaggy fur 1, stealthy
paws, no weapons or thrown items, no armour, multi-lived
a: no special abilities


You were on level 5 of the Dungeon.
You visited 1 branch of the dungeon, and saw 4 of its levels.

Inventory:

Jewellery
 l - a +4 ring of evasion (left paw)
   (You found it on level 3 of the Dungeon)


   Skills:
 - Level 2.6 Dodging
 + Level 2.9 Stealth
 * Level 2.2 Spellcasting
 + Level 1.1 Conjurations
 * Level 2.8 Fire Magic


You had 4 spell levels left.
You knew the following spells:

 Your Spells              Type           Power      Damage    Failure   Level
a - Foxfire               Conj/Fire      32%        2x1d5     9%          1

Your spell library contained the following spells:

 Spells                   Type           Power      Damage    Failure   Level
 Scorch                   Fire           22%        2d6       10%         2
 Conjure Flame            Conj/Fire      8%         6-21      26%         3
 Inner Flame              Hex/Fire       6%         N/A       32%         3
 Flame Wave               Conj/Fire      8%         3d4       65%         4


Dungeon Overview and Level Annotations

Branches:
Dungeon (3/15)

Altars:


Innate Abilities, Weirdness & Mutations

You have sharp claws.
You have razor-sharp teeth.
You have supernaturally acute eyesight. (SInv)
You cover ground quickly. (Speed+)
You are covered in fur. (AC +1)
Your paws help you pounce on unaware monsters.
You are incapable of wielding weapons or throwing items.
You cannot wear armour.
You gain extra lives every three experience levels.


Message History

Found a runed gilded ring.
You scratch the jackal but do no damage.
The jackal is almost dead.
You closely miss the jackal. You bite the jackal, but do no damage.
The jackal is almost dead.
The jackal barely misses you. x2
You miss the jackal. Your bite misses the jackal.
The jackal is almost dead.
The jackal misses you.
You scratch the jackal.
You kill the jackal!
You scratch the jackal.
You kill the jackal!
You have reached level 2!
You see here a +4 ring of evasion.
l - a +4 ring of evasion
l - a +4 ring of evasion (left paw)
A ball python comes into view.
The ball python hisses angrily.
Casting: Foxfire (safe; 9% risk of failure)
Confirm with . or Enter, or press ? or * to list all spells.
You conjure some foxfire!
The foxfire hits the ball python.
You kill the ball python!
You see here a ball python corpse.
Your foxfire dissipates!
Found 3 gold pieces.
There is a shaft here.
Really dive through this shaft in the floor?
You fall into a shaft and drop 2 floors!
The shaft crumbles and collapses.
You pounce on the unaware helpless scorpion!
You scratch the scorpion.
The scorpion is lightly wounded.
The scorpion misses you.
As you read the scroll labelled XIOPSE TASUG, it crumbles to dust.
It is a scroll of identify.
You don't have any unidentified items.
The scorpion stings you!
Ouch! That really hurt!
You die...

#.#######
#..s@...#
#.......#
...........#
#####......#
#......#
########


You could see a scorpion.

Vanquished Creatures
  5 jackals
  A quokka (D:3)
  A ball python (D:3)
7 creatures vanquished.

Vanquished Creatures (others)
  18 foxfires
18 creatures vanquished.

Grand Total: 25 creatures vanquished

Notes
Turn   | Place    | Note
-------+----------+-------------------------------------------
     0 | D:1      | CurlyBrace the Felid Fire Elementalist began the quest for
                  | the Orb.
     0 | D:1      | Reached XP level 1. HP: 7/7 MP: 4/4
    27 | D:2      | Reached skill level 1 in Conjurations
    76 | D:3      | Noticed a scorpion
   115 | D:3      | Reached XP level 2. HP: 6/11 MP: 1/6
   154 | D:3      | You fall into a shaft and drop 2 floors!
   154 | D:5      | Entered Level 5 of the Dungeon
   154 | D:5      | Noticed a scorpion
   156 | D:5      | Slain by a scorpion

Illustrated notes

Levels and vault maps discovered:
D:1:      minmay_arrival_loop, layout_rooms
D:2:      layout_rooms
D:3:      layout_basic, minmay_door_square, minmay_rat_hole
D:5:      layout_rooms, kennysheep_slug_shrine, nrook_pool_corridor,
          uniq_prince_ribbit1

Skill      XL: |  1 |
---------------+----+-----
Conjurations   | 1 |  1.1
Dodging        | |  2.6
Stealth        | |  2.9
Spellcasting   | |  2.2
Fire Magic     | |  2.8

Action                   || total
-------------------------++-------
Melee: Unarmed           ||    13
       Bite              ||     1
 Cast: Foxfire           ||    10
  Use: Scroll            ||     1
 Stab: Sleeping          ||     2
Dodge: Dodged            ||    16

Table legend: (Time is in decaauts)
 A = Elapsed time spent in this place.
 B = Non-inter-level travel time spent in this place.
 C = Inter-level travel time spent in this place.
 D = Time resting spent in this place.
 E = Time spent auto-exploring this place.
 F = Levels seen in this place.
 G = Mean time per level.
                   A        B        C        D        E       F      G
               +--------+--------+--------+--------+--------+-----+--------+
         Total |    130 |    130 |      0 |      0 |      0 |   4 |   32.5 |
       Dungeon |    130 |    130 |      0 |      0 |      0 |   4 |   32.5 |
               +--------+--------+--------+--------+--------+-----+--------+

Top non-repeatable levels by time:
     D:3: 92 daAuts
     D:2: 25 daAuts
     D:1: 11 daAuts
     D:5: 1 daAuts
